 Dungeon Crawl Stone Soup version 0.25.1-2-g60ff931df9 (webtiles) character file.

Game seed: 9398193789732231554

72 hehateme the Shield-Bearer (level 4, -3/28 HPs)
             Began as a Gargoyle Fighter on Oct 24, 2020.
             Killed by nerve-wracking pain
             ... invoked by an orc priest
              (4 damage)
             ... on level 3 of the Dungeon.
             The game lasted 00:06:07 (2372 turns).

hehateme the Shield-Bearer (Gargoyle Fighter)       Turns: 2372, Time: 00:06:08

Health: -3/28      AC: 10    Str: 21    XL:     4   Next: 26%
Magic:  4/4        EV:  7    Int:  8    God:
Gold:   71         SH:  9    Dex:  9    Spells: 3/3 levels left

rFire    . . .     SeeInvis .   a - +0 flail
rCold    . . .     Gourm    .   c - +0 kite shield
rNeg     + . .     Faith    .   b - +0 scale mail
rPois    ∞         Spirit   .   (no helmet)
rElec    +         Reflect  .   (no cloak)
rCorr    .         Harm     .   (no gloves)
MR       .....                  (no boots)
Stlth    ..........             (no amulet)
HPRegen  0.09/turn              (no ring)
MPRegen  0.09/turn              (no ring)

@: no status effects
A: negative energy resistance 1, electricity resistance, unbreathing,
petrification resistance, rot immunity, AC +3
a: no special abilities


You were on level 3 of the Dungeon.
You were not hungry.

You visited 1 branch of the dungeon, and saw 3 of its levels.

You collected 71 gold pieces.

Inventory:

Hand Weapons
 a - a +0 flail (weapon)
Armour
 b - a +0 scale mail (worn)
 c - a +0 kite shield (worn)
Jewellery
 k - an uncursed ring of wizardry {unknown}
 m - an uncursed ring of protection from magic {unknown}
Scrolls
 e - a scroll of amnesia {unknown}
 g - 4 scrolls of identify {unknown}
 j - 2 scrolls of enchant armour {unknown}
 n - a scroll of fear {unknown}
 o - a scroll of teleportation {unknown}
 s - a scroll of fog {unknown}
Potions
 d - a potion of might
 h - a potion of brilliance {unknown}
 i - a potion of stabbing {unknown}
 l - a potion of curing {unknown}
 p - a potion of mutation {unknown}
 q - 2 potions of haste {unknown}
Comestibles
 f - 6 rations
 r - 13 chunks of flesh


   Skills:
 * Level 3.6 Fighting
 - Level 2.7 Maces & Flails
 - Level 3.9 Armour
 - Level 0.5 Dodging
 - Level 0.5 Stealth
 - Level 3.9 Shields


You had 3 spell levels left.
You didn't know any spells.
Your spell library was empty.

Dungeon Overview and Level Annotations

Branches:
Dungeon (3/15)

Altars:


Innate Abilities, Weirdness & Mutations

You are resistant to torment.
Your stone body is resilient. (AC +3)
You are immune to poison.
You resist negative energy. (rN+)
You are resistant to electric shocks. (rElec)
You can survive without breathing.
You are immune to petrification.
You are immune to rotting.


Message History

The orc priest is almost dead.
You block the orc's attack. You block the orc priest's attack.
The orc hits you but does no damage.
The orc priest looks braver for a moment.
The orc hits you but does no damage.
You barely miss the orc priest.
The orc priest is almost dead.
You block the orc's attack. The orc hits you but does no damage.
The orc priest closely misses you. The orc closely misses you.
You hit the orc priest but do no damage.
The orc priest is almost dead.
You block the orc's attack.
The orc priest hits you but does no damage.
The orc hits you but does no damage.
You barely miss the orc priest.
The orc priest is almost dead.
The orc hits you but does no damage.
The orc priest calls down the wrath of Beogh upon you.
Pain shoots through your body!
You die...

..% ... #.# #
#.# # # #.# #.#
#.# ....# #.#
#g# ....# #.#
##o####....# ..#
#o@o.......#
..#.##
#..........# #.
.....#
#.......#.. ...
######
##'##...#.##.#
#....#.#....
####.#..#.#
#####.#....# #
#........#'#.#
#######.
#.###........##.


You could see an orc priest, 2 orcs and a goblin.

Vanquished Creatures
  An adder (D:3)
  A gnoll (D:1)
  A worm (D:3)
  3 giant cockroaches (D:1)
  7 goblins
  6 hobgoblins
  10 jackals
  7 kobolds
  3 bats
  A frilled lizard (D:3)
  6 rats
46 creatures vanquished.

Notes
Turn   | Place    | Note
-------+----------+-------------------------------------------
     0 | D:1      | hehateme the Gargoyle Fighter began the quest for the Orb.
     0 | D:1      | Reached XP level 1. HP: 14/14 MP: 1/1
   194 | D:1      | Reached XP level 2. HP: 19/19 MP: 2/2
   751 | D:1      | Reached XP level 3. HP: 23/23 MP: 3/3
  2147 | D:3      | Reached XP level 4. HP: 24/28 MP: 4/4
  2366 | D:3      | HP: 1/28 [orc/+0 short sword (3)]
  2372 | D:3      | Killed from afar by an orc priest

Illustrated notes

Levels and vault maps discovered:
D:1:      dpeg_arrival_renting, layout_loops_ring
D:2:      layout_basic
D:3:      layout_basic, minmay_fractal_squares_diagonal_5

Action                   |  1- 3 |  4- 6 || total
-------------------------+-------+-------++-------
Melee: Flail             |   145 |    48 ||   193
  Eat: Chunk             |     4 |     1 ||     5
Armor: Scale mail        |    84 |    41 ||   125
Dodge: Dodged            |    57 |    21 ||    78
Block: Kite shield       |    82 |    35 ||   117
